General information
- name: BNet
- type: Ladder team game (AT/RT)
- host: Battle.net
- saver: MartinVanBuren
map: Deadlock
- players: 8
- length: 86:10
- speed: Fast
- version: 1.26 W3XP
- replay type: Public
» download(339 KB)
Players
team 1 (winner)

»
sta0729 (
pink | 31 APM | 1922 actions | 61:30)
6 Demon Hunter
2 Mana Burn
2 Immolation
1 Evasion
1 Metamorphosis
4 Priestess of the Moon
2 Scout
2 Searing Arrows
» actions
| Assign group hotkey | 18 | |
| Basic commands | 310 | |
| Build / train | 84 | |
| ESC pressed | 11 | |
| Enter build submenu | 26 | |
| Enter hero's abilities submenu | 10 | |
| Give item / drop item | 2 | |
| Right click | 411 | |
| Select / deselect | 635 | |
| Select group hotkey | 315 | |
| Use ability | 99 | |
1922 total
» units
| Wisp | 39 | |
| Huntress | 4 | |
| Dryad | 7 | |
| Mountain Giant | 5 | |
55 total
» upgrades
| Strength of the Wild | 3 | |
| Reinforced Hides | 3 | |
| Abolish Magic | 1 | |
7 total
» buildings
| Altar of Elders | 1 | |
| Moon Well | 8 | |
| Hunter's Hall | 1 | |
| Ancient of War | 2 | |
| Tree of Ages | 1 | |
| Tree of Life | 3 | |
| Ancient of Lore | 2 | |
| Ancient of Wonders | 1 | |
| Tree of Eternity | 1 | |
| Ancient Protector | 3 | |
23 total
» build order
00:12 Altar of Elders
00:19 Moon Well
01:40 Hunter's Hall
01:47 Ancient of War
01:53 Moon Well
02:24 Ancient of War
02:38 Moon Well
04:15 Tree of Ages
05:52 Tree of Life
07:48 Ancient of Lore
08:28 Ancient of Lore
08:32 Moon Well
08:56 Moon Well
10:00 Ancient of Wonders
10:48 Tree of Eternity
15:09 Moon Well
15:11 Moon Well
17:31 Moon Well
22:32 Tree of Life
23:42 Tree of Life
26:38 Ancient Protector
26:39 Ancient Protector
26:40 Ancient Protector
» items
| Scroll of Town Portal | 1 | |
| Orb of Venom | 1 | |
| Staff of Preservation | 1 | |
| Orb of Fire | 1 | |
| Scroll of Regeneration | 1 | |
5 total
MartinVanBuren (
red | 29 APM | 2509 actions | 86:10)
10 Archmage
3 Summon Water Elemental
3 Brilliance Aura
1 Mass Teleport
3 Blizzard
» actions
| Assign group hotkey | 39 | |
| Basic commands | 142 | |
| Build / train | 97 | |
| Enter build submenu | 86 | |
| Enter hero's abilities submenu | 8 | |
| Give item / drop item | 1 | |
| Right click | 1124 | |
| Select / deselect | 549 | |
| Select group hotkey | 260 | |
| Use ability | 203 | |
2509 total
» units
| Peasant | 27 | |
| Footman | 5 | |
| Gryphon Rider | 13 | |
45 total
» upgrades
| Lumber Harvesting | 2 | |
| Masonry | 3 | |
| Swords | 3 | |
| Armor | 3 | |
| Storm Hammers | 1 | |
| Animal War Training | 1 | |
| Cloud | 1 | |
14 total
» buildings
| Altar of Kings | 1 | |
| Barracks | 1 | |
| Farm | 9 | |
| Arcane Vault | 1 | |
| Town Hall | 10 | |
| Keep | 1 | |
| Lumber Mill | 2 | |
| Scout Tower | 50 | |
| Guard Tower | 17 | |
| Castle | 1 | |
| Gryphon Aviary | 7 | |
| Blacksmith | 2 | |
102 total
» build order
00:41 Altar of Kings
00:43 Barracks
00:51 Farm
01:07 Farm
01:13 Farm
02:06 Farm
02:43 Farm
03:39 Arcane Vault
04:12 Town Hall
05:40 Keep
06:10 Town Hall
06:18 Lumber Mill
06:23 Scout Tower
06:23 Scout Tower
06:27 Scout Tower
06:28 Scout Tower
06:30 Scout Tower
06:32 Scout Tower
06:34 Scout Tower
06:45 Scout Tower
06:46 Scout Tower
06:48 Scout Tower
06:52 Scout Tower
06:55 Scout Tower
07:12 Guard Tower
07:57 Guard Tower
08:00 Guard Tower
08:50 Castle
09:00 Guard Tower
09:03 Guard Tower
10:19 Gryphon Aviary
10:20 Gryphon Aviary
10:22 Gryphon Aviary
10:42 Gryphon Aviary
10:47 Blacksmith
10:51 Blacksmith
12:18 Lumber Mill
15:12 Scout Tower
15:13 Scout Tower
15:14 Scout Tower
15:19 Scout Tower
16:53 Guard Tower
16:55 Scout Tower
16:56 Scout Tower
16:56 Scout Tower
16:57 Scout Tower
16:57 Scout Tower
16:58 Scout Tower
16:59 Scout Tower
16:59 Scout Tower
18:28 Guard Tower
18:37 Gryphon Aviary
18:38 Gryphon Aviary
19:01 Scout Tower
19:01 Scout Tower
19:02 Scout Tower
19:02 Scout Tower
19:04 Scout Tower
19:04 Scout Tower
19:05 Scout Tower
19:05 Scout Tower
19:12 Scout Tower
19:12 Scout Tower
19:13 Scout Tower
19:13 Scout Tower
19:15 Scout Tower
19:15 Scout Tower
20:06 Gryphon Aviary
20:22 Scout Tower
20:24 Scout Tower
20:28 Scout Tower
20:31 Scout Tower
20:33 Scout Tower
20:49 Guard Tower
20:51 Guard Tower
21:01 Scout Tower
21:08 Scout Tower
21:09 Scout Tower
21:09 Scout Tower
21:11 Scout Tower
21:13 Scout Tower
21:14 Scout Tower
21:23 Guard Tower
21:25 Guard Tower
21:34 Farm
21:38 Farm
21:40 Farm
21:41 Farm
21:51 Guard Tower
22:02 Guard Tower
22:13 Guard Tower
22:22 Guard Tower
22:34 Guard Tower
22:37 Guard Tower
23:22 Town Hall
32:31 Town Hall
33:15 Town Hall
34:43 Town Hall
39:49 Town Hall
40:31 Town Hall
55:48 Town Hall
79:27 Town Hall
» items
| Scroll of Regeneration | 4 | |
| Scroll of Town Portal | 1 | |
| Periapt of Vitality | 2 | |
| Staff of Teleportation | 1 | |
8 total
BLADEMASTER (
yellow | 92 APM | 3872 actions | 42:04)
9 Blademaster
3 Wind Walk
3 Critical Strike
1 Bladestorm
2 Mirror Image
» actions
| Assign group hotkey | 24 | |
| Basic commands | 182 | |
| Build / train | 93 | |
| Enter build submenu | 33 | |
| Enter hero's abilities submenu | 9 | |
| Give item / drop item | 7 | |
| Right click | 780 | |
| Select / deselect | 340 | |
| Select group hotkey | 2228 | |
| Use ability | 176 | |
3872 total
» units
| Peon | 40 | |
| Troll Batrider | 9 | |
| Demolisher | 1 | |
50 total
» upgrades
| Liquid Fire | 1 | |
| Ranged Weapons | 2 | |
| Reinforced Defenses | 1 | |
| Burning Oil | 1 | |
5 total
» buildings
| Altar of Storms | 1 | |
| Orc Burrow | 5 | |
| Voodoo Lounge | 1 | |
| War Mill | 1 | |
| Stronghold | 3 | |
| Watch Tower | 15 | |
| Beastiary | 2 | |
| Fortress | 1 | |
| Great Hall | 1 | |
| Barracks | 2 | |
32 total
» build order
00:18 Altar of Storms
00:36 Orc Burrow
01:17 Voodoo Lounge
02:04 War Mill
02:32 Stronghold
02:33 Stronghold
03:24 Watch Tower
03:26 Watch Tower
03:29 Watch Tower
04:19 Watch Tower
04:57 Watch Tower
05:03 Beastiary
05:05 Beastiary
06:07 Fortress
08:10 Orc Burrow
08:12 Orc Burrow
10:32 Orc Burrow
14:38 Watch Tower
16:31 Great Hall
18:06 Watch Tower
22:37 Watch Tower
22:40 Watch Tower
23:46 Watch Tower
23:49 Watch Tower
24:49 Watch Tower
24:54 Watch Tower
28:04 Orc Burrow
29:09 Watch Tower
29:13 Watch Tower
30:12 Barracks
30:13 Barracks
38:24 Stronghold
» items
| Healing Salve | 4 | |
| Lesser Clarity Potion | 6 | |
| Boots of Speed | 1 | |
| Potion of Healing | 4 | |
| Orb of Lightning | 1 | |
| Staff of Teleportation | 1 | |
| Potion of Lesser Invulnerability | 3 | |
| Potion of Mana | 1 | |
21 total
hempmeh (
teal | 36 APM | 1393 actions | 38:48)
4 Keeper of the Grove
2 Entangling Roots
2 Thorns Aura
3 Priestess of the Moon
2 Trueshot Aura
1 Scout
» actions
| Assign group hotkey | 32 | |
| Basic commands | 55 | |
| Build / train | 117 | |
| Enter build submenu | 26 | |
| Enter hero's abilities submenu | 7 | |
| Remove unit from queue | 3 | |
| Right click | 706 | |
| Select / deselect | 323 | |
| Select group hotkey | 56 | |
| Use ability | 68 | |
1393 total
» units
| Wisp | 46 | |
| Archer | 8 | |
| Huntress | 3 | |
| Dryad | 5 | |
| Hippogryph | 9 | |
| Glaive Thrower | 9 | |
80 total
» upgrades
| Strength of the Moon | 2 | |
| Moon Armor | 2 | |
| Sentinel | 1 | |
| Improved Bows | 1 | |
| Vorpal Blades | 1 | |
| Abolish Magic | 1 | |
| Strength of the Wild | 1 | |
| Reinforced Hides | 2 | |
| Druid of the Claw Training | 2 | |
| Hippogryph Taming | 1 | |
| Upgrade Moon Glaive | 1 | |
| Marksmanship | 1 | |
| Ultravision | 1 | |
| Well Spring | 1 | |
18 total
» buildings
| Altar of Elders | 2 | |
| Moon Well | 12 | |
| Ancient of War | 4 | |
| Hunter's Hall | 1 | |
| Tree of Ages | 1 | |
| Tree of Life | 7 | |
| Ancient of Lore | 2 | |
| Tree of Eternity | 1 | |
| Ancient of Wind | 2 | |
| Ancient of Wonders | 1 | |
33 total
» build order
00:15 Altar of Elders
00:20 Moon Well
01:16 Ancient of War
01:20 Moon Well
01:50 Ancient of War
02:04 Moon Well
03:11 Hunter's Hall
03:45 Tree of Ages
05:28 Tree of Life
08:10 Ancient of Lore
08:20 Ancient of Lore
09:58 Moon Well
10:00 Moon Well
10:25 Tree of Eternity
10:28 Moon Well
11:00 Ancient of Wind
11:02 Ancient of Wind
12:02 Ancient of Wonders
15:03 Tree of Life
22:16 Altar of Elders
22:19 Moon Well
22:20 Moon Well
25:04 Tree of Life
25:11 Tree of Life
30:49 Ancient of War
30:51 Ancient of War
32:08 Moon Well
32:10 Moon Well
32:11 Moon Well
32:13 Moon Well
32:55 Tree of Life
32:59 Tree of Life
33:46 Tree of Life
» items
| Scroll of Town Portal | 4 | |
| Orb of Lightning | 1 | |
5 total
team 2 (loser)
UlyssesSGrant (
blue | 78 APM | 6726 actions | 86:03)
10 Blood Mage
3 Flame Strike
3 Siphon Mana
1 Summon Phoenix
3 Banish
» actions
| Assign group hotkey | 140 | |
| Basic commands | 146 | |
| Build / train | 368 | |
| ESC pressed | 37 | |
| Enter build submenu | 121 | |
| Enter hero's abilities submenu | 10 | |
| Give item / drop item | 20 | |
| Right click | 2057 | |
| Select / deselect | 968 | |
| Select group hotkey | 2357 | |
| Use ability | 502 | |
6726 total
» units
| Peasant | 51 | |
| Footman | 9 | |
| Sorceress | 2 | |
| Gryphon Rider | 6 | |
| Dragonhawk Rider | 3 | |
| Spell Breaker | 2 | |
| Mortar Team | 18 | |
| Flying Machine | 10 | |
| Rifleman | 10 | |
111 total
» upgrades
| Masonry | 3 | |
| Lumber Harvesting | 2 | |
| Sorceress Training | 2 | |
| Magic Sentry | 1 | |
| Storm Hammers | 1 | |
| Cloud | 1 | |
| Swords | 3 | |
| Armor | 3 | |
| Control Magic | 1 | |
| Plating | 4 | |
| Gunpowder | 4 | |
| Backpack | 1 | |
| Animal War Training | 1 | |
| Defend | 1 | |
| Long Rifles | 1 | |
29 total
» buildings
| Altar of Kings | 1 | |
| Barracks | 1 | |
| Farm | 9 | |
| Arcane Vault | 2 | |
| Town Hall | 7 | |
| Scout Tower | 74 | |
| Keep | 14 | |
| Lumber Mill | 2 | |
| Arcane Tower | 10 | |
| Guard Tower | 109 | |
| Castle | 8 | |
| Arcane Sanctum | 1 | |
| Gryphon Aviary | 4 | |
| Blacksmith | 2 | |
| Workshop | 3 | |
247 total
» build order
00:20 Altar of Kings
00:35 Barracks
00:50 Farm
01:34 Farm
01:56 Arcane Vault
02:03 Farm
02:53 Farm
03:48 Town Hall
04:59 Scout Tower
05:01 Scout Tower
05:16 Keep
05:16 Keep
05:29 Lumber Mill
05:30 Arcane Tower
07:02 Scout Tower
07:03 Scout Tower
07:04 Scout Tower
07:39 Guard Tower
07:39 Guard Tower
07:40 Guard Tower
07:40 Guard Tower
08:09 Guard Tower
08:10 Scout Tower
08:12 Scout Tower
08:14 Scout Tower
08:25 Scout Tower
08:27 Scout Tower
08:28 Scout Tower
08:29 Scout Tower
08:30 Scout Tower
08:34 Scout Tower
08:42 Guard Tower
08:43 Guard Tower
09:00 Guard Tower
09:00 Guard Tower
09:00 Guard Tower
09:01 Guard Tower
09:01 Guard Tower
10:14 Guard Tower
10:14 Guard Tower
10:22 Scout Tower
10:36 Scout Tower
10:37 Scout Tower
10:38 Scout Tower
10:39 Scout Tower
10:40 Scout Tower
10:48 Scout Tower
10:53 Guard Tower
10:53 Guard Tower
10:53 Guard Tower
11:21 Guard Tower
11:21 Guard Tower
11:23 Guard Tower
11:23 Guard Tower
12:41 Guard Tower
12:42 Guard Tower
12:47 Scout Tower
12:48 Scout Tower
12:49 Scout Tower
12:50 Scout Tower
12:57 Town Hall
13:01 Scout Tower
13:02 Scout Tower
13:04 Scout Tower
13:08 Scout Tower
13:18 Scout Tower
13:19 Scout Tower
13:21 Scout Tower
13:23 Castle
13:23 Castle
13:36 Guard Tower
13:36 Guard Tower
13:36 Guard Tower
14:05 Arcane Tower
14:05 Arcane Tower
14:05 Arcane Tower
15:01 Guard Tower
15:45 Guard Tower
15:45 Guard Tower
16:24 Scout Tower
16:24 Scout Tower
16:25 Scout Tower
16:26 Scout Tower
16:27 Scout Tower
16:45 Lumber Mill
16:55 Guard Tower
16:55 Guard Tower
16:56 Guard Tower
17:00 Scout Tower
17:02 Scout Tower
17:04 Scout Tower
17:05 Scout Tower
17:06 Guard Tower
17:06 Guard Tower
17:22 Scout Tower
17:25 Scout Tower
17:26 Scout Tower
17:38 Guard Tower
17:59 Guard Tower
17:59 Guard Tower
18:00 Guard Tower
18:26 Scout Tower
18:33 Arcane Vault
18:35 Scout Tower
18:38 Guard Tower
18:38 Guard Tower
18:38 Guard Tower
19:10 Guard Tower
19:13 Guard Tower
19:13 Guard Tower
19:55 Keep
19:55 Keep
21:16 Scout Tower
21:17 Scout Tower
21:18 Scout Tower
21:19 Scout Tower
21:20 Scout Tower
21:47 Town Hall
21:53 Scout Tower
21:56 Scout Tower
21:58 Scout Tower
22:01 Scout Tower
22:19 Arcane Sanctum
22:24 Guard Tower
22:24 Guard Tower
22:25 Guard Tower
22:26 Guard Tower
22:26 Guard Tower
23:50 Arcane Tower
23:50 Arcane Tower
23:50 Arcane Tower
24:18 Guard Tower
24:19 Guard Tower
24:32 Guard Tower
24:32 Guard Tower
25:32 Guard Tower
25:32 Guard Tower
25:33 Guard Tower
25:50 Scout Tower
25:53 Scout Tower
26:10 Scout Tower
26:11 Scout Tower
26:12 Scout Tower
26:14 Scout Tower
26:17 Scout Tower
26:38 Guard Tower
26:39 Guard Tower
26:39 Guard Tower
27:45 Scout Tower
27:47 Scout Tower
29:27 Guard Tower
29:28 Guard Tower
29:45 Arcane Tower
30:07 Guard Tower
30:08 Guard Tower
30:08 Guard Tower
30:08 Guard Tower
30:22 Castle
30:23 Castle
30:23 Castle
31:20 Scout Tower
31:21 Scout Tower
31:23 Scout Tower
31:52 Guard Tower
31:52 Guard Tower
31:53 Guard Tower
32:05 Gryphon Aviary
32:06 Gryphon Aviary
32:15 Gryphon Aviary
32:18 Gryphon Aviary
33:52 Farm
33:52 Farm
33:55 Farm
34:01 Farm
34:03 Farm
37:08 Keep
43:48 Town Hall
50:52 Town Hall
52:16 Blacksmith
52:19 Blacksmith
52:31 Town Hall
54:30 Scout Tower
54:31 Scout Tower
54:33 Scout Tower
54:38 Scout Tower
54:40 Scout Tower
54:42 Scout Tower
55:01 Guard Tower
55:01 Guard Tower
55:01 Guard Tower
55:04 Guard Tower
55:04 Guard Tower
55:11 Guard Tower
55:11 Guard Tower
55:12 Guard Tower
55:45 Town Hall
68:14 Workshop
68:20 Workshop
68:41 Workshop
70:27 Keep
70:57 Castle
74:15 Keep
74:16 Keep
74:16 Keep
» items
| Staff of Teleportation | 1 | |
| Boots of Speed | 1 | |
| Scroll of Regeneration | 14 | |
| Potion of Invisibility | 6 | |
| Periapt of Vitality | 1 | |
| Lesser Clarity Potion | 7 | |
| Scroll of Town Portal | 8 | |
| Potion of Healing | 6 | |
| Orb of Venom | 1 | |
| Potion of Mana | 1 | |
| Staff of Sanctuary | 1 | |
47 total

»
onewayto(90) (
green | 15 APM | 1252 actions | 86:04)
4 Blademaster
2 Wind Walk
2 Critical Strike
» actions
| Build / train | 62 | |
| Enter build submenu | 29 | |
| Enter hero's abilities submenu | 4 | |
| Remove unit from queue | 1 | |
| Right click | 804 | |
| Select / deselect | 297 | |
| Use ability | 55 | |
1252 total
» units
» upgrades
| Armor | 2 | |
| Ranged Weapons | 2 | |
| Envenomed Spears | 1 | |
5 total
» buildings
| Altar of Storms | 2 | |
| Orc Burrow | 8 | |
| Barracks | 1 | |
| War Mill | 1 | |
| Voodoo Lounge | 1 | |
| Stronghold | 1 | |
| Watch Tower | 5 | |
| Fortress | 1 | |
| Beastiary | 3 | |
| Great Hall | 2 | |
25 total
» build order
00:29 Altar of Storms
00:42 Orc Burrow
01:00 Barracks
02:12 War Mill
02:28 Orc Burrow
02:40 Voodoo Lounge
04:09 Stronghold
04:36 Watch Tower
06:01 Watch Tower
06:06 Orc Burrow
06:55 Fortress
07:01 Beastiary
07:38 Orc Burrow
08:35 Beastiary
08:47 Beastiary
11:53 Orc Burrow
11:57 Orc Burrow
12:02 Orc Burrow
13:55 Great Hall
14:07 Watch Tower
14:55 Watch Tower
14:58 Watch Tower
21:53 Altar of Storms
22:30 Orc Burrow
39:13 Great Hall
» items
| Healing Salve | 1 | |
| Lesser Clarity Potion | 2 | |
| Potion of Healing | 1 | |
| Orb of Lightning | 1 | |
| Scroll of Town Portal | 1 | |
| Potion of Mana | 1 | |
| Staff of Teleportation | 1 | |
8 total

»
the1YermomWants (
orange | 50 APM | 767 actions | 15:28)
3 Archmage
2 Summon Water Elemental
1 Blizzard
» actions
| Assign group hotkey | 21 | |
| Build / train | 35 | |
| Enter build submenu | 17 | |
| Enter hero's abilities submenu | 3 | |
| Remove unit from queue | 1 | |
| Right click | 214 | |
| Select / deselect | 181 | |
| Select group hotkey | 267 | |
| Use ability | 28 | |
767 total
» units
» upgrades
| Masonry | 1 | |
| Lumber Harvesting | 2 | |
| Swords | 2 | |
| Armor | 1 | |
| Storm Hammers | 1 | |
7 total
» buildings
| Lumber Mill | 1 | |
| Farm | 7 | |
| Altar of Kings | 1 | |
| Keep | 1 | |
| Blacksmith | 1 | |
| Scout Tower | 3 | |
| Castle | 1 | |
| Guard Tower | 2 | |
| Gryphon Aviary | 2 | |
| Arcane Vault | 1 | |
| Town Hall | 1 | |
21 total
» build order
00:10 Lumber Mill
00:20 Farm
00:32 Altar of Kings
02:08 Keep
02:40 Blacksmith
04:24 Scout Tower
04:55 Castle
05:03 Guard Tower
05:22 Gryphon Aviary
05:45 Castle
06:46 Gryphon Aviary
06:50 Farm
07:51 Farm
08:15 Farm
08:41 Farm
08:42 Farm
08:43 Farm
12:13 Arcane Vault
12:16 Scout Tower
12:21 Scout Tower
13:01 Guard Tower
13:25 Town Hall

»
Blacknights (
purple | 27 APM | 695 actions | 25:43)
3 Demon Hunter
2 Immolation
1 Evasion
3 Warden
1 Fan of Knives
2 Shadow Strike
3 Pandaren Brewmaster
2 Breath of Fire
1 Drunken Haze
» actions
| Basic commands | 110 | |
| Build / train | 109 | |
| Enter build submenu | 24 | |
| Enter hero's abilities submenu | 10 | |
| Right click | 81 | |
| Select / deselect | 295 | |
| Use ability | 66 | |
695 total
» units
| Wisp | 30 | |
| Dryad | 27 | |
| Gryphon Rider | 12 | |
| Faerie Dragon | 4 | |
| Peasant | 8 | |
81 total
» upgrades
| Moon Armor | 3 | |
| Strength of the Moon | 3 | |
| Strength of the Wild | 3 | |
| Ultravision | 1 | |
| Reinforced Hides | 2 | |
| Abolish Magic | 1 | |
| Well Spring | 1 | |
14 total
» buildings
| Altar of Elders | 1 | |
| Moon Well | 9 | |
| Hunter's Hall | 1 | |
| Ancient of Wonders | 1 | |
| Ancient Protector | 5 | |
| Tree of Ages | 1 | |
| Ancient of Lore | 3 | |
| Tree of Life | 1 | |
| Tree of Eternity | 1 | |
| Ancient of Wind | 1 | |
24 total
» build order
00:22 Altar of Elders
00:43 Moon Well
00:50 Moon Well
02:14 Hunter's Hall
02:44 Ancient of Wonders
02:56 Moon Well
03:11 Moon Well
03:22 Ancient Protector
03:26 Ancient Protector
03:58 Moon Well
04:01 Moon Well
04:15 Moon Well
04:30 Ancient Protector
04:54 Moon Well
05:12 Ancient Protector
05:29 Tree of Ages
05:52 Ancient Protector
08:40 Ancient of Lore
08:56 Ancient of Lore
10:14 Tree of Life
10:19 Ancient of Lore
10:37 Tree of Eternity
14:11 Moon Well
14:17 Ancient of Wind
Chat log
(00:30 / All) UlyssesSGrant: VAN BUREN IS UNRELEASED
(00:32 / All) UlyssesSGrant: FOR YOU WERE CANCELED
(00:42 / All) UlyssesSGrant: AS A FOREIGNER THAT IS THE ONLY REASON I KNOW YOU EXISTED
(00:58 / All) UlyssesSGrant: Orange told me to stfu and that I'm a weirdo
(01:01 / All) UlyssesSGrant: He doesn't know you're here
(01:04 / All) UlyssesSGrant: Mr Van Buren
(01:07 / All) BLADEMASTER: ?
(01:26 / All) BLADEMASTER: shut the fuck up
(01:27 / All) UlyssesSGrant: "ignore him his homo" - Orange
(01:57 / All) BLADEMASTER: fuck ju
(02:04 / All) the1YermomWants: u tel lhim
(04:20 / All) UlyssesSGrant: Orange is calling me a nerd, we are playing wc3 on a friday night
(04:35 / All) BLADEMASTER: saturday afternoon here
(04:39 / All) BLADEMASTER: u are a fucken nerd
(04:40 / All) UlyssesSGrant: Even worse
(04:47 / All) the1YermomWants: see
(04:50 / All) the1YermomWants: good call
(05:12 / All) UlyssesSGrant: It's even more pathetic to play WC3 on a Saturday afternoon instead of night
(05:28 / All) BLADEMASTER: i guess thats homo faggot logic then
(05:34 / All) UlyssesSGrant: How creative
(05:40 / All) the1YermomWants: lol
(06:16 / All) UlyssesSGrant: I have played awful this game I hope you fags don't lose it would be embarassing
(06:39 / All) the1YermomWants: blue only one should be embarrasded is u u fucking dork
(06:46 / All) UlyssesSGrant: embarrasded
(07:22 / All) UlyssesSGrant: wtf
(07:26 / All) UlyssesSGrant: fucking potion of invisibility
(07:37 / All) UlyssesSGrant: WHY IS TRHIS CUNT NOT WROKGIn
(08:16 / Allies) sta0729: ok
(08:56 / All) UlyssesSGrant: I have no idea what I am doing this game I am on crack I guess
(08:59 / All) BLADEMASTER: thx for searching
(09:14 / All) BLADEMASTER: LOL
(09:19 / All) BLADEMASTER: G_G
(09:21 / All) BLADEMASTER: NIGGAZ
(09:24 / All) UlyssesSGrant: Not over yet
(09:28 / All) the1YermomWants: lol next joke
(09:29 / All) BLADEMASTER: ITS OVER SON
(09:59 / All) UlyssesSGrant: thanks for not entangling me
(10:08 / All) BLADEMASTER: thanks for searching
(10:15 / Allies) MartinVanBuren: lumbeR?
(10:29 / Allies) MartinVanBuren: Need lumber
(10:35 / Allies) sta0729: air
(10:38 / Allies) sta0729: tech
(10:41 / Allies) sta0729: let s hit him
(11:18 / Allies) MartinVanBuren: can I g et some lubmer tela?
(11:19 / All) UlyssesSGrant: You just lost every gold peon for only mana
(11:28 / All) BLADEMASTER: i got 3k its ok
(11:35 / All) UlyssesSGrant: I do too
(12:13 / Allies) sta0729: gatta hi
(13:13 / Allies) MartinVanBuren: Lumbers?
(13:27 / Allies) sta0729: let shi
(13:29 / Allies) MartinVanBuren: let's hit that yellow
(13:31 / Allies) sta0729: lets hit
(13:44 / Allies) BLADEMASTER: where
(13:45 / Allies) MartinVanBuren: come yellow
(13:54 / Allies) sta0729: teal
(14:03 / Allies) BLADEMASTER: dw
(14:06 / Allies) sta0729: before tower is dobe
(14:07 / Allies) sta0729: ne
(14:25 / Allies) BLADEMASTER: lol
(15:25 / All) the1YermomWants: sad
(15:56 / All) UlyssesSGrant: I blame my play this game on my opening
(16:03 / All) UlyssesSGrant: went 2 peons then altar barracks farm instead of right away
(16:06 / All) UlyssesSGrant: no idea how you get away with that
(17:00 / Allies) BLADEMASTER: WAIT FORIT
(17:13 / Allies) MartinVanBuren: lawl
(17:34 / All) BLADEMASTER: gg
(17:39 / All) UlyssesSGrant: Not over yet
(18:12 / All) UlyssesSGrant: too many peons on gold yellow
(18:14 / All) UlyssesSGrant: well not anymore
(18:14 / All) BLADEMASTER: LOL OH NOES
(18:19 / All) BLADEMASTER: BLUE KILL SOME PEONS
(18:23 / All) BLADEMASTER: GG WE LOSE
(18:41 / Allies) MartinVanBuren: lumber?
(19:35 / All) BLADEMASTER: LOOK AT PURPS BASE LOL
(19:38 / All) BLADEMASTER: THIS ISNT SIM CITY
(19:42 / All) BLADEMASTER: LOL
(22:03 / Allies) MartinVanBuren: lumber
(23:00 / All) BLADEMASTER: I WANT LEVEL 10
(24:29 / Allies) hempmeh: go red
(24:37 / Allies) MartinVanBuren: too risky
(25:34 / All) BLADEMASTER: LOL
(25:38 / All) BLADEMASTER: RAMBO LOL
(26:18 / Allies) MartinVanBuren: lol
(26:26 / Allies) sta0729: gj
(27:02 / All) BLADEMASTER: LEVEL 9
(29:34 / All) hempmeh: gren you mega noob
(29:42 / All) BLADEMASTER: GREEN LEFT YEARS AGO
(29:48 / Allies) hempmeh: lol
(30:21 / All) BLADEMASTER: BLOOOOO
(31:04 / All) UlyssesSGrant: I like how you are always conveniently at your hall
(31:05 / All) UlyssesSGrant: when I harass
(31:07 / All) UlyssesSGrant: nice maphack
(31:12 / All) BLADEMASTER: WHERE ELSE U GONNA GO
(31:46 / All) UlyssesSGrant: free mountain giant? wtf
(32:04 / All) BLADEMASTER: my team expo everywhere
(33:11 / All) BLADEMASTER: U WANT LESSONS BLUE
(33:22 / All) UlyssesSGrant: on what?
(33:25 / All) BLADEMASTER: LILFE
(33:27 / All) BLADEMASTER: LOL
(33:37 / All) UlyssesSGrant: I'm winning at this game and life
(33:40 / All) UlyssesSGrant: why do In eed your help?
(33:46 / All) BLADEMASTER: BECOZ U SUCK ASS
(33:59 / All) UlyssesSGrant: Is that how I am beating you?
(34:02 / All) BLADEMASTER: LOL
(34:06 / All) BLADEMASTER: UR LOSING NOOB
(34:11 / All) UlyssesSGrant: Oh?
(34:18 / All) UlyssesSGrant: nice bladestorm
(34:19 / All) UlyssesSGrant: lmfao
(34:28 / All) BLADEMASTER: YA
(34:30 / All) BLADEMASTER: GOOD ONE
(34:32 / All) BLADEMASTER: U STILL LOST
(34:33 / All) UlyssesSGrant: Was that worth it?
(34:41 / All) BLADEMASTER: YEAH
(34:46 / All) UlyssesSGrant: It most definitely was not
(34:49 / All) UlyssesSGrant: That is my first lesson
(34:52 / All) BLADEMASTER: LOL I WIN
(34:53 / All) UlyssesSGrant: do not overextend yourself
(35:02 / All) BLADEMASTER: LOL
(35:06 / All) BLADEMASTER: UR LIKE TRYING SO HARD
(35:08 / All) BLADEMASTER: LMFAO
(35:31 / All) BLADEMASTER: RED HAS 23k LOL
(38:48 / All) BLADEMASTER: BLUE STILL HERE
(38:49 / All) BLADEMASTER: LOL
(38:52 / All) BLADEMASTER: TRYING SO HARD
(38:58 / All) UlyssesSGrant: Are you having trouble? I am winning 1v4
(38:59 / All) BLADEMASTER: LMAO
(39:01 / All) BLADEMASTER: LOL
(39:13 / All) BLADEMASTER: IF THATS UR DEFINITION OF WINNING
(40:08 / All) BLADEMASTER: REDS A LEGEND LOL
(40:12 / All) BLADEMASTER: HE GOT 30K
(40:15 / All) BLADEMASTER: LOL
(40:48 / All) BLADEMASTER: WINNING
(40:49 / All) UlyssesSGrant: bs that you can't staff purged units
(41:16 / All) BLADEMASTER: WINNING
(41:32 / All) BLADEMASTER: WINNING
(42:04 / All) UlyssesSGrant: I played like absolute garbage this game
(42:09 / All) UlyssesSGrant: and I still raped
(44:54 / Allies) sta0729: merry christmas red
(45:04 / Allies) MartinVanBuren: MERRY CHRISTMAS!
(45:08 / All) UlyssesSGrant: I wonder how mad yellow was when he disconnected
(45:17 / All) MartinVanBuren: Probably punchin' the wall
(45:23 / All) MartinVanBuren: BANG
(45:23 / All) UlyssesSGrant: HE PUNCH THE WALL BRO BANG
(45:42 / Allies) sta0729: im so happy that u r my team
(45:54 / Allies) sta0729: fucking homo
(46:07 / Allies) MartinVanBuren: Thank you, I think
(46:19 / All) MartinVanBuren: Pink just gave me compliments then he called me a homo
(46:24 / All) MartinVanBuren: I think he's coming on to me
(46:26 / Allies) sta0729: homo
(46:28 / Allies) sta0729: homo
(46:29 / Allies) sta0729: homo
(46:32 / Allies) sta0729: homo
(46:38 / Allies) sta0729: i watch the tv homo
(46:59 / Allies) MartinVanBuren: Pink asl?
(47:11 / Allies) MartinVanBuren: Do you want to make out?
(47:22 / Allies) sta0729: i have to be awake till the thunder is released
(47:28 / Allies) sta0729: till 8 am
(47:30 / Allies) MartinVanBuren: What does that mean
(47:41 / Allies) MartinVanBuren: What is your age sex location?
(47:45 / Allies) MartinVanBuren: You want to spoon?
(47:49 / Allies) sta0729: 69
(47:57 / Allies) MartinVanBuren: You want to do 69?
(48:04 / Allies) sta0729: homo
(48:09 / Allies) MartinVanBuren: Aren't you?
(48:16 / Allies) sta0729: homo
(48:18 / Allies) sta0729: homo
(48:19 / Allies) sta0729: homo
(48:21 / Allies) sta0729: homo
(48:22 / Allies) sta0729: homo
(48:23 / Allies) MartinVanBuren: You want to go on a date?
(48:23 / Allies) sta0729: homo
(48:25 / Allies) sta0729: homo
(48:26 / Allies) sta0729: homo
(48:28 / Allies) sta0729: homo
(48:29 / Allies) sta0729: homo
(48:31 / Allies) sta0729: homo
(48:32 / Allies) sta0729: homo
(48:33 / Allies) sta0729: homo
(48:35 / Allies) sta0729: homo
(48:36 / Allies) sta0729: homo
(49:13 / Allies) MartinVanBuren: Are you a homo too?
(53:51 / All) UlyssesSGrant: wtf why are you killing your own stuff????
(53:52 / All) UlyssesSGrant: NOOB
(55:45 / All) onewayto(90): dont kill him
(57:51 / All) MartinVanBuren: thief
(58:02 / All) UlyssesSGrant: i took off with your gold
(58:05 / Allies) sta0729: wow still playing
(58:19 / Allies) sta0729: homo
(58:25 / Allies) sta0729: y dont you sleep?
(58:33 / Allies) MartinVanBuren: Are you coming on to me, babe?|
(58:43 / Allies) MartinVanBuren: Are you a creepy stalker?
(63:22 / All) UlyssesSGrant: FCU KAMDN I DONT GOT IT1
(63:23 / All) UlyssesSGrant: I DONT GOTTER
(63:25 / All) UlyssesSGrant: WTF
(63:26 / All) UlyssesSGrant: FUCK
(63:32 / All) UlyssesSGrant: FUCK I LOST MY UNITS
(66:04 / All) MartinVanBuren: YOU FUCKING DEAD FAGGOTS
(66:11 / All) UlyssesSGrant: FUCKING NOOB HACKER
(66:15 / All) UlyssesSGrant: HOW U MAKE SO MANY UNITS
(66:16 / All) MartinVanBuren: EAT MY ASS
(66:22 / All) MartinVanBuren: WITH MAGICAL SKILLS
(66:25 / All) MartinVanBuren: AND POWERS
(66:28 / All) UlyssesSGrant: U FAGSHIT DICKLICK
(66:28 / All) MartinVanBuren: POWER UNLIMITED
(66:37 / All) UlyssesSGrant: POWER UNLIMITED ISNT THAT A CHEAT
(66:38 / All) UlyssesSGrant: U CHEAT
(66:42 / All) UlyssesSGrant: POWER OVERWHELMING IN SC!
(66:42 / All) MartinVanBuren: YEAH SO WHAT
(66:45 / All) UlyssesSGrant: U CHEATER I AM REPORTING u
(66:49 / All) MartinVanBuren: BIG DEAL
(66:57 / All) UlyssesSGrant: UR CD KEY IS GONNA GET BANNED SON
(67:08 / All) MartinVanBuren: I DONT THINK SO
(67:10 / All) UlyssesSGrant: U NO PLAY GAME MUCH MORE OK UR KEYU GONNA GET BANNED SON
(67:25 / All) UlyssesSGrant: U GONNA GET BANNED TRASH
(67:29 / All) UlyssesSGrant: HOW MAD U ARE
(68:19 / All) MartinVanBuren: how mad you are green?
(69:31 / All) UlyssesSGrant: u have anti tank hack?
(69:33 / All) UlyssesSGrant: i cant make tanks
(69:36 / All) UlyssesSGrant: wtf
(69:46 / All) MartinVanBuren: IT WAS THE JEWS THAT DID THAT
(69:55 / All) UlyssesSGrant: u r a racist?
(70:00 / All) MartinVanBuren: MAYBE
(70:03 / All) UlyssesSGrant: i am reporting u to the goverment and obama
(70:10 / All) UlyssesSGrant: i dont like racism in my ciountry
(71:36 / All) UlyssesSGrant: what is nt
(71:38 / All) UlyssesSGrant: he says nt bro
(72:37 / All) UlyssesSGrant: u found me u must hackmap
(72:48 / All) UlyssesSGrant: wow u even have damage hack
(72:59 / All) MartinVanBuren: my mom programmed it for me
(73:08 / All) UlyssesSGrant: like ur mums loose pussy
(73:34 / All) MartinVanBuren: well ur mom so loose you ccan throw a hotdog down it or something
(73:50 / All) UlyssesSGrant: ur mums pussy so loose she fit burgers
(73:57 / All) UlyssesSGrant: she use it like mouth
(74:01 / All) UlyssesSGrant: and eat u burgers
(74:13 / All) MartinVanBuren: thats low
(74:28 / All) UlyssesSGrant: i deserve this win plz give it to me & green
(74:37 / All) MartinVanBuren: i need it for icon
(74:44 / All) UlyssesSGrant: i need to go 1-0 to get into clan toke
(74:46 / All) MartinVanBuren: im tired of being stuck with peon icon
(74:50 / All) UlyssesSGrant: & play with pros
(75:01 / All) MartinVanBuren: thats the clan i been trying to get into
(75:06 / All) UlyssesSGrant: trheres this guy there who has good 40% record and is 3 time clan leader
(75:10 / All) UlyssesSGrant: he says he teach me if i can go 3-0
(75:19 / All) MartinVanBuren: jacob campbell says i need to at least get 20% win record
(75:22 / All) UlyssesSGrant: i need pro 3-0 record to get clan
(75:28 / All) UlyssesSGrant: who is that????
(75:31 / All) MartinVanBuren: he has 25 % win record he pretty good
(75:39 / All) UlyssesSGrant: what hsi account name
(75:45 / All) MartinVanBuren: hes kind of fat but its big bone
(75:48 / All) UlyssesSGrant: i try jacob campbell but it didnt work
(75:53 / All) UlyssesSGrant: /stats jacob campbell
(75:55 / All) UlyssesSGrant: its buiged?
(75:59 / All) MartinVanBuren: must be
(76:07 / All) UlyssesSGrant: buged like ur mums wet opussy
(76:35 / All) MartinVanBuren: i bet ur dad is sexy
(76:39 / All) UlyssesSGrant: |
(76:44 / All) UlyssesSGrant: are u gay
(76:49 / All) MartinVanBuren: a little bit
(76:58 / All) MartinVanBuren: jacob campbell asked me out i said maybe
(76:59 / All) UlyssesSGrant: u in a internet relationship?
(77:10 / All) MartinVanBuren: hes my internet girlfriend
(77:26 / All) UlyssesSGrant: how long u known him?
(77:30 / All) UlyssesSGrant: wtf he is a boy not a girl
(77:33 / All) MartinVanBuren: 2 days
(77:41 / All) UlyssesSGrant: green says he bets ua re a girl
(77:42 / All) MartinVanBuren: he liks to cosplay bulma
(77:43 / All) UlyssesSGrant: are you a woman?
(77:52 / All) MartinVanBuren: im man
(77:55 / All) UlyssesSGrant: are u a lesbian?
(77:56 / All) MartinVanBuren: its not that bad
(78:00 / All) UlyssesSGrant: gross
(78:02 / All) MartinVanBuren: its not that gay
(78:05 / All) MartinVanBuren: just kindof
(78:10 / All) UlyssesSGrant: well i gues u arent woman you cant get termites in your vagina
(78:26 / All) UlyssesSGrant: PLS GIVE ME WIn
(78:27 / All) UlyssesSGrant: PLS
(78:28 / All) UlyssesSGrant: OPLS
(78:32 / All) UlyssesSGrant: PLS
(78:37 / All) UlyssesSGrant: I NEED THE WIN FOR CLAN TOKE
(78:39 / All) UlyssesSGrant: I NEED PRO RECORD
(78:39 / All) UlyssesSGrant: PLS
(78:40 / All) UlyssesSGrant: PLS
(78:41 / All) UlyssesSGrant: PLS
(79:06 / All) MartinVanBuren: i need it so my internet girlfriend will love me still
(79:26 / All) onewayto(90): pls let us win this bro
(79:38 / All) MartinVanBuren: why u need win
(80:07 / All) onewayto(90): i need it for my icon
(80:15 / All) MartinVanBuren: what one
(80:27 / All) onewayto(90): took me too long to get it
(80:33 / All) onewayto(90): keep losing
(80:43 / All) onewayto(90): :(
(80:51 / All) MartinVanBuren: what will you do for me in return
(81:27 / All) onewayto(90): idk bro
(81:27 / All) MartinVanBuren: ever notice that the water elementals look like the genie from aladin
(81:37 / All) onewayto(90): ur are a pro
(81:53 / All) onewayto(90): u can win more other game
(81:55 / All) MartinVanBuren: whats ur opinion of aladin movie
(82:04 / All) onewayto(90): but me im too noob
(82:31 / All) onewayto(90): i need 25 win to get icon
(82:43 / All) MartinVanBuren: cant ur grandma make you an icon
(82:54 / All) onewayto(90): and mah % very low still cant get it
(83:08 / All) onewayto(90): keep losing bro
(83:58 / All) onewayto(90): well
(84:07 / All) onewayto(90): good nite bro
(85:03 / All) onewayto(90): you won
(85:10 / All) onewayto(90): ^^
(85:11 / All) MartinVanBuren: you sure?
(85:51 / All) onewayto(90): i already know the answer
(86:03 / All) UlyssesSGrant: THIS ACT HAS BEEN BROUGHT TO YOU BY ROD SERLING, CREATOR OF THE TWILIGHT ZONE, & OASIS CIGARETTES. TRY OASIS.